 Dungeon Crawl Stone Soup version 0.21-a0-536-gdbbf329 (webtiles) character file.

98 AverageBear the Cutter (level 4, -1/27 HPs)
             Began as a Deep Elf Fighter on Dec 14, 2017.
             Succumbed to a scorpion's poison
             ... on level 2 of the Dungeon.
             The game lasted 00:00:59 (1328 turns).

AverageBear the Cutter (Deep Elf Fighter)           Turns: 1328, Time: 00:00:59

Health: -1/27      AC:  6    Str: 19    XL:     4   Next: 44%
Magic:  6/6        EV:  7    Int: 13    God:
Gold:   86         SH:  9    Dex: 14    Spells: 3/3 levels left

rFire    . . .     SeeInvis .   a - +0 rapier
rCold    . . .     Gourm    .   c - +0 shield
rNeg     . . .     Faith    .   b - +0 scale mail
rPois    .         Spirit   .   (no helmet)
rElec    .         Reflect  .   (no cloak)
rCorr    .         Harm     .   (no gloves)
MR       .....                  (no boots)
Stlth    ..........             (no amulet)
HPRegen  0.09/turn              (no ring)
MPRegen  0.10/turn              (no ring)

@: mighty, lethally poisoned (-1 -> -26)
A: no striking features
a: no special abilities


You were on level 2 of the Dungeon.
You were hungry.

You visited 1 branch of the dungeon, and saw 2 of its levels.

You collected 86 gold pieces.

Inventory:

Hand Weapons
 a - a +0 rapier (weapon)
Armour
 b - a +0 scale mail (worn)
 c - a +0 shield (worn)
Jewellery
 o - a cursed amulet of faith {unknown}
Scrolls
 e - a scroll of identify {unknown}
 i - a scroll of enchant weapon {unknown}
 l - a scroll of teleportation {unknown}
Potions
 j - a potion of haste {unknown}
 m - a potion of lignification {unknown}
 n - a potion of heal wounds {unknown}
Comestibles
 f - a bread ration
 g - 3 chunks of flesh
 h - a meat ration
 k - 3 fruits


   Skills:
 - Level 2.4 Fighting
 + Level 4.7 Short Blades
 - Level 2.4 Armour
 - Level 2.4 Shields


You had 3 spell levels left.
You didn't know any spells.

Dungeon Overview and Level Annotations

Branches:
Dungeon (2/15)

Altars:


Message History

You feel sick. The scorpion stings you.
You are more poisoned.
The scorpion poisons you!
The scorpion stings you but does no damage.
You puncture the scorpion!
The scorpion is severely wounded.
You are feeling hungry.
* * * LOW HITPOINT WARNING * * *
You feel sick. The scorpion stings you.
* * * LOW HITPOINT WARNING * * *
You hit the scorpion.
The scorpion is almost dead.
* * * LOW HITPOINT WARNING * * *
You feel sick.
The scorpion stings you but does no damage.
You puncture the scorpion!
You kill the scorpion!
You have reached level 4!
You feel clever.
You die...

....# #
....####.#
#.#
.........##
#.#
.>..........
...
###.########
#.#
....#####
#.#
......>.#
#.#
#######.#
#.# #.# #@#
#.# #.# #.#
#.# #.# #.#
#.# #.# #.#
#.# #.# #.#
#.# #.# #.#
#.#


There were no monsters in sight!

Vanquished Creatures
  A scorpion (D:2)
  An adder (D:2)
  A dart slug (D:2)
  A ball python (D:1)
  5 bats
  6 goblins
  4 hobgoblins (D:1)
  4 kobolds
  3 frilled lizards
  12 rats (D:1)
38 creatures vanquished.

Notes
Turn   | Place    | Note
-------+----------+-------------------------------------------
     0 | D:1      | AverageBear the Deep Elf Fighter began the quest for the Orb.
     0 | D:1      | Reached XP level 1. HP: 13/13 MP: 3/3
   321 | D:1      | Reached XP level 2. HP: 18/18 MP: 4/4
   422 | D:1      | Reached skill level 3 in Short Blades
   968 | D:1      | Reached XP level 3. HP: 16/22 MP: 5/5
  1258 | D:2      | Reached skill level 4 in Short Blades
  1318 | D:2      | Noticed a scorpion
  1327 | D:2      | HP: 1/22 [poisoned by a scorpion]
  1328 | D:2      | Killed a scorpion
  1328 | D:2      | Reached XP level 4. HP: 1/27 MP: 6/6
  1328 | D:2      | Succumbed to a scorpion's poison

Vault maps used:
D:1:      dpeg_arrival_ratfight, st_stairs_13
D:2:      bloody_trog, minmay_split_cup_small

Skill      XL: |  1  2  3 |
---------------+----------+-----
Short Blades   | 3 4 |  4.7
Fighting       | |  2.4
Armour         | |  2.4
Shields        | |  2.4

Action                   |  1- 3 |  4- 6 || total
-------------------------+-------+-------++-------
Melee: Rapier            |   125 |       ||   125
  Use: Potion            |     1 |       ||     1
  Eat: Chunk             |     1 |       ||     1
Armor: Scale mail        |    53 |       ||    53
Dodge: Dodged            |    22 |       ||    22
Block: Shield            |    53 |       ||    53

Table legend:
 A = Spawn XP
 B = Non-spawn XP
 C = Spawn XP percentage of total XP
 D = Spawn monster count
 E = Non-spawn monster count
 F = Spawn count percentage of total count
 G = Total turns spent on level
                    A         B        C        D         E        F      G
               +---------+---------+-------+---------+---------+-------+---------
         Total |       0 |     141 |   0.0 |       0 |      38 |   0.0 |  1328
               +---------+---------+-------+---------+---------+-------+---------
           D:1 |       0 |      44 |   0.0 |       0 |      30 |   0.0 |  1134
           D:2 |       0 |      97 |   0.0 |       0 |       8 |   0.0 |   194
               +---------+---------+-------+---------+---------+-------+---------
